 Dungeon Sprint DCSS version 0.30-a0-465-g8901f6c8b5 (webtiles) character file.

Game seed: 4500244086644250554

0 NinjaNoafa the Ducker (level 3, -1/23 HPs)
             Began as a Tengu Gladiator on Dec 18, 2022.
             Was a Follower of Vehumet.
             Slain by an iguana (3 damage)
             ... in the Dungeon (Sprint VI: "Thunderdome").
             The game lasted 00:05:01 (163 turns).

NinjaNoafa the Ducker (Tengu Gladiator)              Turns: 163, Time: 00:05:02

Health: -1/23      AC:  3    Str: 14    XL:     3   Next: 10%
Magic:  4/4        EV: 14    Int:  8    God:    Vehumet [*.....]
Gold:   2          SH:  0    Dex: 17    Spells: 2/2 levels left

rFire   . . .      SeeInvis .    a - +0 long sword
rCold   . . .      Faith    .    (no shield)
rNeg    . . .      Spirit   .    b - +0 leather armour
rPois   .          Reflect  .    c - +0 hat
rElec   .          Harm     .    (no cloak)
rCorr   .          Rampage  .    (no gloves)
Will    .....      NoTele   +    (boots unavailable)
Stlth   +.........               (no amulet)
HPRegen 0.23/turn                (no ring)
MPRegen 0.09/turn                (no ring)

@: no status effects
A: beak, talons 3
a: Renounce Religion


You were in the Dungeon.
You worshipped Vehumet.
Vehumet was aware of your devotion.
You visited 1 branch You collected 200 gold pieces.
You spent 198 gold pieces at shops.

Inventory:

Hand Weapons
 a - a +0 long sword (weapon)
Missiles
 d - 3 throwing nets
 e - a javelin (quivered)
Armour
 b - a +0 leather armour (worn)
 c - a +0 hat (worn)
Wands
 m - a wand of quicksilver (5)
 n - a wand of roots (4)
Scrolls
 k - 4 scrolls of blinking
 o - 3 scrolls of fog
 q - a scroll of identify
Potions
 f - a potion of curing
 g - 4 potions of heal wounds
 h - 4 potions of haste
 i - 2 potions of magic
 j - a potion of berserk rage
 l - a potion of resistance
 p - 6 potions of might


   Skills:
 + Level 3.4 Fighting
 + Level 4.5 Long Blades
 - Level 2.0 Throwing
 + Level 2.9 Armour
 + Level 4.6 Dodging


You had 2 spell levels left.
You didn't know any spells.
Your spell library was empty.

Dungeon Overview and Level Annotations

Branches:
Dungeon (1/1)

Altars:
Cheibriados
Dithmenos
Fedhas
Gozag
Kikubaaqudgha
Makhleb
Okawaru
Qazlal
Ru
Sif Muna
Trog
Uskayaw
Vehumet
Wu Jian
Xom
Yredelemnul
Zin
The Shining One
Lugonu

Shops:
D *[??*?*:[((!!!!

Annotations:
D Sigmund


Innate Abilities, Weirdness & Mutations

You have a beak for a mouth.
You have claws for feet.


Message History

You start waiting.
A frilled lizard comes into view.
An iguana comes into view.
The frilled lizard hisses angrily.
You miss the frilled lizard.
You peck the frilled lizard, but do no damage.
The frilled lizard completely misses you.
You barely miss the frilled lizard. The frilled lizard closely misses you.
You hit the frilled lizard.
The frilled lizard is heavily wounded.
The frilled lizard closely misses you.
You miss the frilled lizard.
The frilled lizard is heavily wounded.
The frilled lizard barely misses you.
The iguana hisses angrily.
You slash the frilled lizard!
You kill the frilled lizard!
Vehumet accepts your kill.
You can now gain magical power from killing.
Vehumet offers you knowledge of Shock.
Okay, then.
Sigmund the Dreaded comes into view.
He is wielding a +0 scythe.
Sigmund shouts!
Sigmund casts a spell.
Sigmund flickers and vanishes!
Deactivating autopickup; reactivate with Ctrl-A.
The iguana bites you!
You completely miss the iguana. You claw the iguana.
The iguana is moderately wounded.
The iguana bites you!
* * * LOW HITPOINT WARNING * * *
The iguana bites you.
* * * LOW HITPOINT WARNING * * *
You hit the iguana but do no damage. You claw the iguana, but do no damage.
Your peck misses the iguana.
The iguana is moderately wounded.
The iguana misses you.
You hit the iguana. Your kick misses the iguana.
The iguana is heavily wounded.
The iguana bites you.
You die...

###∩........8.# #.8........∩#
##.............###............
#⌠..........###...###.........
#⌠..........# #.<.# #.........
#⌠..........###...###.........
##.............###............
###∩........8.# #.8........∩#
##∩_._......###......___∩##
######.8l@.......8.######
#⌠...........⌠#
###.........### #........_#
#_......._# #_........#
#∩.......∩# ##∩.....∩##
##.....##


You could see an iguana.

Vanquished Creatures
  An iguana (D)
  A goblin (D)
  2 frilled lizards (D)
4 creatures vanquished.

Notes
Turn   | Place    | Note
-------+----------+-------------------------------------------
     0 | D        | NinjaNoafa the Tengu Gladiator began the quest for the Orb.
     0 | D        | Reached XP level 1. HP: 12/12 MP: 2/2
     1 | D        | Found a snail-covered altar of Cheibriados.
     1 | D        | Found a blossoming altar of Fedhas.
     2 | D        | Found a corrupted altar of Lugonu.
     2 | D        | Found a shimmering altar of Xom.
     3 | D        | Found a burning altar of Makhleb.
     3 | D        | Found a stormy altar of Qazlal.
     4 | D        | Found Jucoav's Distillery.
     4 | D        | Found a basalt altar of Yredelemnul.
     4 | D        | Found a glowing golden altar of the Shining One.
     4 | D        | Found Zefeull's Do-It-Yourself Clinic.
     5 | D        | Found Teommaonn's Distillery.
     5 | D        | Found Nisainin's Bottled Wisdom.
     5 | D        | Round 1.
     6 | D        | Found Tuan Menn's Staff Store.
    18 | D        | Found Sidot Dio's Must-Have Magic.
    19 | D        | Found Ockoc's Magic Scroll Shop.
    20 | D        | Found an iron altar of Okawaru.
    20 | D        | Found a shadowy altar of Dithmenos.
    20 | D        | Found a radiant altar of Vehumet.
    20 | D        | Found Hagat's Magic Scroll Shop.
    25 | D        | Found a sacrificial altar of Ru.
    30 | D        | Became a worshipper of Vehumet
    31 | D        | Noticed an iguana
    35 | D        | Reached skill level 1 in Armour
    38 | D        | Killed an iguana
    39 | D        | Reached XP level 2. HP: 18/19 MP: 3/3
    39 | D        | Reached XP level 3. HP: 22/23 MP: 4/4
    65 | D        | Bought 6 potions of might for 168 gold pieces
    73 | D        | Found a shimmering blue altar of Sif Muna.
    77 | D        | Found a glowing silver altar of Zin.
    77 | D        | Found Bonut's Weapon Rack.
    77 | D        | Found Athrorha's Basic Armour.
    78 | D        | Found Medifa Hipt's Miscellaneous Merchandise.
    79 | D        | Found a bloodstained altar of Trog.
    79 | D        | Found an opulent altar of Gozag.
    79 | D        | Found Arogauj's Premium Goods.
    91 | D        | Bought a scroll of identify for 30 gold pieces
    96 | D        | Found an ancient bone altar of Kikubaaqudgha.
    98 | D        | Found an ornate altar of the Wu Jian Council.
    98 | D        | Found Inozxiur's Identification Station.
    98 | D        | Found Doumewar's Advanced Armour.
    99 | D        | Found Zebliwuh's Jewellery.
   105 | D        | Found a hide-covered altar of Uskayaw.
   156 | D        | Reached * piety under Vehumet
   156 | D        | Offered knowledge of Shock by Vehumet.
   160 | D        | Noticed Sigmund
   161 | D        | HP: 1/23 [iguana (2)]
   163 | D        | Slain by an iguana

Illustrated notes

Levels and vault maps discovered:
D:        arena_sprint

Skill      XL: |  1 |
---------------+----+-----
Armour         | 2 |  2.9
Fighting       | 3 |  3.4
Long Blades    | 4 |  4.5
Dodging        | 4 |  4.6
Throwing       | |  2.0

Action                   || total
-------------------------++-------
Melee: Long sword        ||    12
       Kick              ||     3
       Peck              ||     1
Evoke: Wand              ||     1
Dodge: Dodged            ||     7

Table legend: (Time is in decaauts)
 A = Elapsed time spent in this place.
 B = Non-inter-level travel time spent in this place.
 C = Inter-level travel time spent in this place.
 D = Time resting spent in this place.
 E = Time spent auto-exploring this place.
 F = Levels seen in this place.
 G = Mean time per level.
                   A        B        C        D        E       F      G
               +--------+--------+--------+--------+--------+-----+--------+
         Total |    165 |    165 |      0 |      4 |     63 |   1 |  165.0 |
       Dungeon |    165 |    165 |      0 |      4 |     63 |   1 |  165.0 |
               +--------+--------+--------+--------+--------+-----+--------+

Top non-repeatable levels by time:
       D: 165 daAuts
